AoeStats
← ryu

Oasis

507212228Analyzed
2v2 RM · 17d ago on Sep 17, 2026· 22m 52s· 4 players
Game mode
Random Map
Map size
Medium (4 player)
Population
200
Speed
Normal
Resources
Standard
Victory
Conquest
Starting age
Dark Age
Ending age
Imperial Age
RankedLock teamsTeams togetherTeam positionsShared explorationLock speedFull tech treeHidden civsTurbo modeCheats
Victory
Defeat
🇫🇷 Bengalis · France
1564
+5
🇻🇳 Persians · Vietnam
1547
+5
🇺🇸 Japanese · United States
1313
-6
🇳🇿 Armenians · New Zealand
1235
-4
Roronoa Yolo
5:59 Loom
8:56 Feudal Age
8:16 Loom
12:14 Fletching
15:18 Double-Bit Axe
21:54 Castle Age
20:19 Horse Collar
20:31 Gold Mining
20:46 Padded Archer Armor
23:18 Bow Saw
23:17 Bodkin Arrow
23:37 Leather Archer Armor
DEXXTER
6:23 Loom
9:01 Feudal Age
10:06 Double-Bit Axe
12:12 Horse Collar
15:37 Scale Barding Armor
16:48 Fletching
22:03 Castle Age
21:07 Bloodlines
20:52 Gold Mining
23:12 Parthian Tactics
22:55 Thumb Ring
23:19 Husbandry
ryu
9:07 Feudal Age
9:08 Man-at-Arms
9:35 Double-Bit Axe
9:55 Loom
11:10 Scale Mail Armor
12:22 Arson
21:45 Castle Age
22:57 Bow Saw
Gingerpatches
7:01 Loom
9:57 Feudal Age
10:03 Man-at-Arms
10:57 Arson
11:58 Double-Bit Axe
17:32 Horse Collar
20:25 Wheelbarrow
23:46 Castle Age
21:49 Fletching
23:08 Bloodlines
Connection lost

Rejoining the realm…

Still unreachable

The connection could not be restored.

Session expired

The server has moved on; the page needs a fresh start.